 Dungeon Crawl Stone Soup version 0.30-a0-172-gc5509c9e31 (webtiles) character file.

Game seed: 15474761543347078794

18 blackman the Sneak (level 2, -2/25 HPs)
             Began as a Demigod Delver on Oct 2, 2022.
             Slain by Blork the orc
             ... wielding a +0 hand axe
              (4 damage)
             ... on level 5 of the Dungeon.
             The game lasted 00:01:01 (164 turns).

blackman the Sneak (Demigod Delver)                  Turns: 164, Time: 00:01:02

Health: -2/25      AC:  3    Str: 13    XL:     2   Next: 36%
Magic:  4/4        EV: 11    Int: 12    God:
Gold:   0          SH:  0    Dex: 15    Spells: 1/1 levels left

rFire   . . .      SeeInvis .    a - +0 falchion
rCold   . . .      Faith    .    (no shield)
rNeg    . . .      Spirit   .    b - +0 leather armour
rPois   .          Reflect  .    (no helmet)
rElec   .          Harm     .    (no cloak)
rCorr   .          Rampage  .    (no gloves)
Will    .....                    (no boots)
Stlth   +++.......               (no amulet)
HPRegen 0.24/turn                (no ring)
MPRegen 0.09/turn                (no ring)

@: no status effects
A: high MP 1, forlorn, divine attributes
a: no special abilities


You were on level 5 of the Dungeon.
You visited 1 branch of the dungeon, and saw 1 of its levels.

Inventory:

Hand Weapons
 a - a +0 falchion (weapon)
Armour
 b - a +0 leather armour (worn)
 e - a +0 pair of boots
 h - a +0 leather armour of poison resistance
Wands
 g - a wand of digging (3)
Scrolls
 c - a scroll of fog
 d - a scroll of magic mapping
 f - a scroll of noise {unknown}
 i - a scroll of identify {unknown}


   Skills:
 - Level 2.6 Fighting
 + Level 2.9 Long Blades
 - Level 1.7 Dodging
 - Level 4.5 Stealth


You had one spell level left.
You didn't know any spells.
Your spell library contained the following spells:

 Spells                   Type           Power      Damage    Failure   Level
 Blink                    Tloc           0%         N/A       54%         2
 Momentum Strike          Conj/Tloc      0%         3d8       54%         2
 Lesser Beckoning         Tloc           0%         N/A       77%         3


Dungeon Overview and Level Annotations

Branches:
Dungeon (5/15)             Temple (0/1) D:5

Annotations:
D:5 Blork the orc


Innate Abilities, Weirdness & Mutations

You have an increased reservoir of magic. (+10% MP)
You shall have no god before yourself.
Your divine heritage dramatically boosts your attributes as you level up.


Message History

The adder bites you but does no damage. The adder closely misses you.
You closely miss the adder. Your punch misses the adder.
The adder is almost dead.
The adder barely misses you.
You hit the adder.
You kill the adder!
You have reached level 2!
Found a scroll labelled VOAHAC KOTWU.
An orc wizard and an orc come into view.
The orc shouts!
An ufetubus comes into view.
An orc comes into view. It is wielding a +0 dagger.
You see here a scroll labelled VOAHAC KOTWU.
f - a scroll labelled VOAHAC KOTWU The orc shouts!
i - a scroll labelled ESOEKYISUG
There are no items here.
Really walk into that teleport trap?
You enter a teleport trap!
The teleport trap disappears.
Your surroundings suddenly seem different.
You see here a +0 pair of boots.
Blork the orc shouts!
Blork the orc points at you and mumbles some strange words.
The puff of frost misses you.
You see here a +0 leather armour.
You barely miss Blork the orc.
Blork the orc hits you with a +0 hand axe.
You hit Blork the orc.
Blork the orc is lightly wounded.
Blork the orc hits you with a +0 hand axe.
Blork the orc points at you and mumbles some strange words.
The puff of frost hits you!
You hit Blork the orc but do no damage.
Blork the orc is lightly wounded.
Blork the orc hits you with a +0 hand axe!
* * * LOW HITPOINT WARNING * * *
You hit Blork the orc but do no damage.
Blork the orc is lightly wounded.
Blork the orc hits you with a +0 hand axe.
You die...

#......[..........
#............####.
#...##.#####.####.
##..##.# #.......
#..##.# #<#.....
#..##.# #$..###.
#..##.# #######.
##.###.....#######....
.....
#..!o@.##..........###
o....
#......###.########
.!.. #........#.# ...
#......#.#.# ##.##
##....##.#.# .###
....# ####. #.#.# ....
....####### #.
#.#.###### #.#.
..........# #.
#.......... #.
..>.#####.#
#...#########.#


You could see Blork the orc.

Vanquished Creatures
  2 adders (D:5)
2 creatures vanquished.

Notes
Turn   | Place    | Note
-------+----------+-------------------------------------------
     0 | D:5      | blackman the Demigod Delver began the quest for the Orb.
     0 | D:5      | Reached XP level 1. HP: 18/18 MP: 3/3
     5 | D:5      | Found a staircase to the Ecumenical Temple.
    11 | D:5      | Noticed Blork the orc
    47 | D:5      | Noticed a phantom
   112 | D:5      | Reached XP level 2. HP: 22/25 MP: 4/4
   163 | D:5      | HP: 1/25 [Blork the orc/+0 hand axe (7)]
   164 | D:5      | Slain by Blork the orc

Illustrated notes

Levels and vault maps discovered:
D:5:      layout_loops_ring, tgw_xom, minmay_temple_entry_slanted,
          uniq_blork_the_orc

Skill      XL: |  1 |
---------------+----+-----
Long Blades    | 2 |  2.9
Fighting       | |  2.6
Dodging        | |  1.7
Stealth        | |  4.5

Action                   || total
-------------------------++-------
Melee: Falchion          ||    16
  Use: Scroll            ||     1
       Potion            ||     1
Armor: Leather armour    ||     3
Dodge: Dodged            ||     8

Table legend: (Time is in decaauts)
 A = Elapsed time spent in this place.
 B = Non-inter-level travel time spent in this place.
 C = Inter-level travel time spent in this place.
 D = Time resting spent in this place.
 E = Time spent auto-exploring this place.
 F = Levels seen in this place.
 G = Mean time per level.
                   A        B        C        D        E       F      G
               +--------+--------+--------+--------+--------+-----+--------+
         Total |    148 |    148 |      0 |      0 |      5 |   1 |  148.0 |
       Dungeon |    148 |    148 |      0 |      0 |      5 |   1 |  148.0 |
               +--------+--------+--------+--------+--------+-----+--------+

Top non-repeatable levels by time:
     D:5: 148 daAuts
